 Dungeon Crawl Stone Soup version 0.29-a0-330-g52719c12eb (webtiles) character file.

Game seed: 17409668954487899406

119 kae the Firebug (level 5, -1/49 HPs)
             Began as an Octopode Fire Elementalist on Apr 18, 2022.
             Killed by divine providence
             ... invoked by an orc priest
              (13 damage)
             ... on level 4 of the Dungeon.
             The game lasted 00:01:47 (3486 turns).

kae the Firebug (Octopode Fire Elementalist)        Turns: 3486, Time: 00:01:48

Health: -1/49      AC: 22    Str:  8    XL:     5   Next: 3%
Magic:  3/8        EV:  2    Int: 19    God:
Gold:   128        SH:  0    Dex: 12    Spells: 2/8 levels left

rFire   . . .      SeeInvis .   f - +0 flail
rCold   . . .      Faith    .   (no shield)
rNeg    . . .      Spirit   .   (helmet currently unavailable)
rPois   +          Reflect  .   (no amulet)
rElec   .          Harm     .   (no ring)
rCorr   .          Rampage  .   (no ring)
Will    .....      NoTele   +   (no ring)
Stlth   ++........              (no ring)
HPRegen 0.16/turn               (no ring)
MPRegen 0.11/turn               (no ring)
                                (no ring)
                                (no ring)

@: brilliant, tree-form
A: stationary, stasis, torment immunity, boosted hp, almost no armour,
(amphibious), 8 rings, (camouflage 1), (gelatinous body 1), (nimble swimmer 1),
(tentacles)
a: no special abilities


You were on level 4 of the Dungeon.
You were a tree.
You visited 1 branch of the dungeon, and saw 4 of its levels.

You collected 128 gold pieces.

Inventory:

Hand Weapons
 f - a +0 flail (weapon)
Scrolls
 h - a scroll of fog
 i - a scroll of enchant armour
 l - a scroll of immolation
Potions
 a - a potion of magic
 c - 5 potions of attraction
 d - 2 potions of haste
 e - a potion of brilliance
 j - a potion of heal wounds


   Skills:
 + Level 1.2 Fighting
 + Level 2.6 Dodging
 + Level 3.7 Stealth
 + Level 2.4 Spellcasting
 + Level 1.8 Conjurations
 * Level 4.0 Fire Magic


You had 2 spell levels left.
You knew the following spells:

 Your Spells              Type           Power      Damage    Failure   Level
a - Foxfire               Conj/Fire      80%        2x1d8     4%          1
b - Scorch                Fire           52%        2d8       4%          2
c - Conjure Flame         Conj/Fire      20%        6-21      14%         3

Your spell library contained the following spells:

 Spells                   Type           Power      Damage    Failure   Level
 Summon Small Mammal      Summ           12%        N/A       16%         1
 Inner Flame              Hex/Fire       14%        N/A       22%         3
 Call Canine Familiar     Summ           3%         N/A       43%         3
 Summon Guardian Golem    Hex/Summ       3%         N/A       43%         3
 Flame Wave               Conj/Fire      20%        2d7       43%         4


Dungeon Overview and Level Annotations

Branches:
Dungeon (4/15)
 Temple: D:4-7

Altars:
Trog

Shops:
D:1 *


Innate Abilities, Weirdness & Mutations

You are a tree.
Your roots penetrate the ground, keeping you stationary.
You cannot be teleported.
You are immune to unholy pain and torment.
Your maximum health is greatly increased.
You cannot wear most types of armour.
((You are amphibious.))
You can wear up to eight rings at the same time.
((Your skin changes colour to match your surroundings (Stealth+).))
((Your rubbery body absorbs attacks. (AC +1, EV +1)))
((You are camouflaged when in or above water. (Stealth+)))
((You have tentacles for arms and can constrict up to eight enemies at once.))


Message History

Beogh smites you! The orc hits you but does no damage.
The orc priest barely misses you.
The orc priest hits you but does no damage.
The orc barely misses you.
You closely miss the orc priest.
The orc priest is almost dead.
The orc priest hits you but does no damage.
The orc priest barely misses you. The orc hits you but does no damage.
Casting: Scorch (safe; 4% risk of failure)
Confirm with . or Enter, or press ? or * to list all spells.
You feel a surge of power!
Flames lash the ball python.
You kill the ball python!
The orc hits you but does no damage.
The orc priest hits you but does no damage. x2
A ball python comes into view.
The orc hits you with a +0 mace.
* * * LOW HITPOINT WARNING * * *
The orc priest hits you but does no damage. x2
You closely miss the orc priest.
The orc priest is almost dead.
The orc priest is no longer more vulnerable to fire.
The orc hits you but does no damage.
The orc priest hits you but does no damage.
The orc priest hits you with a +0 mace.
* * * LOW HITPOINT WARNING * * *
The orc priest hits you but does no damage.
The orc hits you but does no damage.
The orc priest hits you but does no damage.
Casting: Scorch (safe; 4% risk of failure)
Confirm with . or Enter, or press ? or * to list all spells.
You feel a surge of power!
Flames lash the adder.
The adder is almost dead.
The adder's fire resistance burns away.
The ball python hisses angrily.
The adder is engulfed in a cloud of scalding steam.
You kill the adder!
The orc hits you but does no damage.
The orc priest calls down the wrath of Beogh upon you.
Beogh smites you!
You die...

....... ......
...... .... ...
.). #.# # #.# #.#
♣≈≈##o## #.#
♣§o♣o## #.#
♣§#...# #.# ♣S
###.# #.# $≈
##.########.# ♣≈
#..#......#.# #
##.#.####.#.#
#.#.#......#
##+###.#.#.##.###
##..........##.#


You could see 2 orc priests, an orc and a ball python.

Vanquished Creatures
  A jelly (D:4)
  5 adders
  2 dart slugs
  2 orcs
  4 ball pythons
  5 bats
  3 endoplasms
  A giant cockroach (D:1)
  3 goblins
  2 hobgoblins
  3 jackals (D:3)
  4 kobolds
  2 quokkas (D:2)
  3 frilled lizards
  9 rats
49 creatures vanquished.

Vanquished Creatures (others)
  134 foxfires
134 creatures vanquished.

Grand Total: 183 creatures vanquished

Notes
Turn   | Place    | Note
-------+----------+-------------------------------------------
     0 | D:1      | kae the Octopode Fire Elementalist began the quest for the
                  | Orb.
     0 | D:1      | Reached XP level 1. HP: 11/11 MP: 3/3
   215 | D:1      | Found Ugioq's General Store.
   385 | D:1      | Reached XP level 2. HP: 17/17 MP: 1/5
   932 | D:1      | Found a faded altar of an unknown god.
  1285 | D:2      | Reached XP level 3. HP: 9/22 MP: 2/6
  1288 | D:2      | Learned a level 2 spell: Scorch
  1292 | D:2      | Learned a level 3 spell: Conjure Flame
  1724 | D:2      | Found a bloodstained altar of Trog.
  2386 | D:3      | Reached XP level 4. HP: 27/27 MP: 4/7
  2896 | D:3      | Reached skill level 1 in Fighting
  3408 | D:4      | Reached skill level 4 in Fire Magic
  3461 | D:4      | Reached XP level 5. HP: 33/33 MP: 6/8
  3486 | D:4      | Killed from afar by an orc priest

Illustrated notes

Levels and vault maps discovered:
D:1:      dpeg_arrival_short_road, layout_loops_cross, serial_shops, shop,
          ebering_ecumenical_altar_abandoned
D:2:      layout_basic, basic_altar, kennysheep_generic_room_7
D:3:      layout_loops_corners, serial_glass, glass_columns_b, glass_columns_b,
          glass_columns_b, glass_columns_a, glass_columns_a, glass_columns_a,
          ebering_dispersal_statue_hall
D:4:      layout_loops_corners, nrook_campfire, saegor_snake_ambush

Skill      XL: |  1  2  3  4 |
---------------+-------------+-----
Stealth        | 3 |  3.7
Fighting       | 1 |  1.2
Fire Magic     | 4 |  4.0
Dodging        | |  2.6
Spellcasting   | |  2.4
Conjurations   | |  1.8

Action                   |  1- 3 |  4- 6 || total
-------------------------+-------+-------++-------
Melee: Unarmed           |    14 |       ||    14
       Constrict         |     9 |     1 ||    10
       Tentacles         |     9 |     1 ||    10
       Flail             |    12 |    12 ||    24
       Punch             |     1 |       ||     1
 Cast: Foxfire           |    52 |    26 ||    78
       Scorch            |       |     3 ||     3
  Use: Scroll            |     5 |     2 ||     7
       Potion            |       |     3 ||     3
Armor: Skin              |     2 |    35 ||    37
Dodge: Dodged            |    18 |    11 ||    29

Table legend: (Time is in decaauts)
 A = Elapsed time spent in this place.
 B = Non-inter-level travel time spent in this place.
 C = Inter-level travel time spent in this place.
 D = Time resting spent in this place.
 E = Time spent auto-exploring this place.
 F = Levels seen in this place.
 G = Mean time per level.
                   A        B        C        D        E       F      G
               +--------+--------+--------+--------+--------+-----+--------+
         Total |   3494 |   3356 |    138 |      0 |   2998 |   4 |  873.5 |
       Dungeon |   3494 |   3356 |    138 |      0 |   2998 |   4 |  873.5 |
               +--------+--------+--------+--------+--------+-----+--------+

Top non-repeatable levels by time:
     D:1: 1137 daAuts
     D:3: 1126 daAuts
     D:2: 1078 daAuts
     D:4: 151 daAuts
